[Event "ICC tourney 2049 (75 10)"]
[Site "Internet Chess Club"]
[Date "2020.10.11"]
[Round "7"]
[White "kaiclc"]
[Black "Mrpeetapizza"]
[Result "1/2-1/2"]
[ICCResult "Game drawn by mutual agreement"]
[WhiteElo "2016"]
[BlackElo "1871"]
[Opening "Sicilian"]
[ECO "B56"]
[NIC "SI.25"]
[Time "18:35:15"]
[TimeControl "4500+10"]

1. e4 c5 2. Nf3 d6 3. Nc3 Nf6 4. d4 cxd4 5. Nxd4 Nc6 6. f3 e5 7. Nb3 Be7 8.
Be3 O-O 9. Qd2 Be6 10. g4 a5 11. Bb5 Na7 12. Ba4 Bc4 13. Bxa7 Rxa7 14. O-O-O
Nxg4 15. h4 Nf6 16. Bb5 Bxb5 17. Nxb5 Ra6 18. a4 Nh5 19. Rdg1 Nf4 20. h5 d5
21. exd5 Qxd5 22. Qxd5 Nxd5 23. Rd1 Nf6 24. Nc7 Rc6 25. Nd5 Nxd5 26. Rxd5
Rfc8 27. c3 b6 28. Rxe5 Bf6 29. Re2 Rc4 30. Rhe1 Kf8 31. Re4 h6 32. Kd2 Rd8+
33. Ke2 Rxe4+ 34. fxe4 Ke7 35. Nd2 Kd6 36. Rd1 Kc6 37. Rf1
{Game drawn by mutual agreement}
1/2-1/2

[Event "ICC tourney 2049 (75 10)"]
[Site "Internet Chess Club"]
[Date "2020.10.11"]
[Round "7"]
[White "vikram251107"]
[Black "qiaoqiaoszx"]
[Result "0-1"]
[ICCResult "White resigns"]
[WhiteElo "1999"]
[BlackElo "2148"]
[Opening "Sicilian: Prins (Moscow) variation"]
[ECO "B55"]
[NIC "SI.01"]
[Time "18:35:22"]
[TimeControl "4500+10"]

1. e4 c5 2. Nf3 d6 3. d4 cxd4 4. Nxd4 Nf6 5. f3 g6 6. c4 Bg7 7. Nc3 O-O 8.
Be3 Nc6 9. Qd2 Qd7 10. Be2 b6 11. O-O Bb7 12. Rad1 Rfd8 13. Nc2 Rac8 14. Nd5
e6 15. Nxf6+ Bxf6 16. f4 Bxb2 17. Bf3 Na5 18. c5 Nc4 19. Qb4 Ba6 20. Be2
bxc5 21. Qe1 Nxe3 22. Nxe3 Bxe2 23. Qxe2 Bd4 24. Kh1 Bxe3 25. Qxe3 c4 26. f5
Qe7 27. f6 Qf8 28. Rf4 h6 29. h4 Rc7 30. Rg4 c3 31. Rc1 c2 32. h5 g5 33. Kg1
d5 34. Qg3 Qc5+ 35. Kh1 dxe4 36. Rxe4 Rd1+ 37. Re1 Rcd7 38. Kh2 Rxc1 39.
Rxc1 Rd1 40. Rxc2 Qg1+ 41. Kh3 Qh1+ 42. Qh2 g4+ 43. Kg3 Rd3+ 44. Kf4 Qxh2+
45. Ke4 Qd6 {White resigns} 0-1

[Event "ICC tourney 2049 (75 10)"]
[Site "Internet Chess Club"]
[Date "2020.10.11"]
[Round "7"]
[White "Singireddy"]
[Black "arya2"]
[Result "1-0"]
[ICCResult "Black resigns"]
[WhiteElo "2117"]
[BlackElo "1968"]
[Opening "Scandinavian defense"]
[ECO "B01"]
[NIC "SD.03"]
[Time "18:35:06"]
[TimeControl "4500+10"]

1. e4 d5 2. exd5 Nf6 3. Nf3 Nxd5 4. d4 Bg4 5. Be2 e6 6. h3 Bh5 7. O-O Be7 8.
c4 Nb6 9. Nc3 O-O 10. Be3 Nc6 11. b3 f5 12. Qd2 Bf6 13. Rad1 a5 14. Rfe1 a4
15. d5 exd5 16. cxd5 Bxf3 17. Bxf3 Ne5 18. Be2 axb3 19. axb3 Nc8 20. Nb5 Nd6
21. Nd4 Qd7 22. Ne6 Rf7 23. Qc2 Ne4 24. Rc1 Rc8 25. Red1 Nd6 26. Bc5 Ng6 27.
Bh5 b6 28. Bxd6 Qxd6 29. Qc6 Qxc6 30. Rxc6 Rd7 31. d6 Be5 32. Rxc7 Rcxc7 33.
dxc7 Rxd1+ 34. Bxd1 Ne7 35. g4 Kf7 36. gxf5 Ke8 37. Bg4 Kd7 38. f4 Bf6 39.
Be2 Nc6 40. Bb5 {Black resigns} 1-0

[Event "ICC tourney 2049 (75 10)"]
[Site "Internet Chess Club"]
[Date "2020.10.11"]
[Round "7"]
[White "greenninja"]
[Black "python0812"]
[Result "1-0"]
[ICCResult "Black resigns"]
[WhiteElo "1978"]
[BlackElo "2027"]
[Opening "Sicilian: dragon, Yugoslav attack"]
[ECO "B75"]
[NIC "SI.17"]
[Time "18:35:16"]
[TimeControl "4500+10"]

1. e4 c5 2. Nf3 d6 3. d4 cxd4 4. Nxd4 Nf6 5. Nc3 g6 6. Be3 Bg7 7. f3 a6 8.
Qd2 h5 9. O-O-O b5 10. Kb1 Bb7 11. h4 Nbd7 12. Qf2 Rc8 13. Bd3 Ne5 14. Rhe1
Qc7 15. Nb3 Nfd7 16. Nd5 Bxd5 17. exd5 Nf6 18. Bb6 Qb8 19. Be4 Nc4 20. Bd4
a5 21. Qg3 a4 22. Bxg6 axb3 23. Bxf7+ Kf8 24. cxb3 Ne5 25. Be6 Rc7 26. Rxe5
dxe5 27. Bxe5 Ng4 28. Bxc7 {Black resigns} 1-0

[Event "ICC tourney 2049 (75 10)"]
[Site "Internet Chess Club"]
[Date "2020.10.11"]
[Round "7"]
[White "Sricharan07"]
[Black "combusken1123"]
[Result "1-0"]
[ICCResult "Black resigns"]
[WhiteElo "1905"]
[BlackElo "1669"]
[Opening "Sicilian: Alapin's variation (2.c3)"]
[ECO "B22"]
[NIC "SI.46"]
[Time "18:35:12"]
[TimeControl "4500+10"]

1. e4 c5 2. c3 d5 3. exd5 Qxd5 4. d4 cxd4 5. cxd4 Nc6 6. Nf3 e6 7. Nc3 Qd8
8. Be2 Nf6 9. O-O Be7 10. Be3 O-O 11. a3 b6 12. Ne5 Bb7 13. Bf3 Rc8 14. Rc1
a6 15. Ne2 Qe8 16. b4 Nd5 17. Bxd5 exd5 18. Nxc6 Rxc6 19. Qd2 Qd7 20. Nf4
Rfc8 21. Nd3 Bf6 22. h3 Rc4 23. Nb2 Rxc1 24. Rxc1 Bc6 25. Bg5 Bxg5 26. Qxg5
Bb5 27. Rxc8+ Qxc8 28. a4 Bc4 29. Qe7 h6 30. Qd6 Be2 31. a5 b5 32. Qc5 Qf5
33. Qc3 Qb1+ 34. Kh2 Bc4 35. Qd2 Qa2 36. Qc3 Qb1 37. Qd2 Qa2 38. Kg3 Qb3+
39. f3 Kh7 40. Nd1 g6 41. Ne3 h5 42. h4 Kg7 43. Nd1 f6 44. Nf2 Qb1 45. Nh3
Qf5 46. Qe3 Qd7 47. Nf4 Qd6 48. Qe6 Qc7 49. Qe8 Bd3 50. Qe3 Bc4 51. Kf2 Qd6
52. Ne6+ Kf7 53. Nc5 Kg7 54. g3 Ba2 55. Qe6 Qc7 56. Qd7+ Qxd7 57. Nxd7 Bb1
58. Nc5 Bf5 59. Nxa6 Bc8 60. Nc5 Kf7 61. a6 Ke7 62. a7 Bb7 63. Nxb7
{Black resigns}
1-0

[Event "ICC tourney 2049 (75 10)"]
[Site "Internet Chess Club"]
[Date "2020.10.11"]
[Round "7"]
[White "rmauskopf24"]
[Black "Vish1080"]
[Result "1-0"]
[ICCResult "Black resigns"]
[WhiteElo "1618"]
[BlackElo "1653"]
[Opening "QGD Slav: Dutch variation, main line"]
[ECO "D19"]
[NIC "SL.05"]
[Time "18:35:14"]
[TimeControl "4500+10"]

1. d4 d5 2. c4 c6 3. Nf3 Nf6 4. Nc3 dxc4 5. a4 Bf5 6. e3 e6 7. Bxc4 Bb4 8.
O-O O-O 9. Qe2 Nbd7 10. e4 Bg6 11. Bd3 h6 12. e5 Nd5 13. Bxg6 fxg6 14. Nxd5
cxd5 15. Qb5 Qe7 16. Qxb7 a6 17. Bd2 Bxd2 18. Nxd2 Rfb8 19. Qc6 Rc8 20. Qb7
Rcb8 21. Qc7 Rxb2 22. Nf3 Qd8 23. Qc3 Rab8 24. Qd3 g5 25. Qxa6 R8b6 26. Qd3
g4 27. Nd2 Qg5 28. Rfd1 R6b4 29. g3 Nb6 30. a5 Nc4 31. a6 Nxd2 32. a7 Nf3+
33. Kg2 Rxf2+ 34. Kxf2 Rb2+ 35. Qe2 Rxe2+ 36. Kxe2 Nxd4+ 37. Rxd4 Qxe5+ 38.
Kd3 Qf5+ 39. Kc3 e5 40. a8=Q+ Kh7 41. Rxd5 Qf3+ 42. Rd3 Qf6 43. Qe4+
{Black resigns}
1-0

[Event "ICC tourney 2049 (75 10)"]
[Site "Internet Chess Club"]
[Date "2020.10.11"]
[Round "7"]
[White "AJ2000"]
[Black "abi2009"]
[Result "1-0"]
[ICCResult "Black resigns"]
[WhiteElo "1656"]
[BlackElo "1713"]
[Opening "Ruy Lopez: old Steinitz defense"]
[ECO "C62"]
[NIC "RL.02"]
[Time "18:35:06"]
[TimeControl "4500+10"]

1. e4 e5 2. Nf3 Nc6 3. Bb5 d6 4. d4 exd4 5. Nxd4 Bd7 6. Bxc6 bxc6 7. c4 Ne7
8. Nc3 g6 9. Be3 Bg7 10. Qd2 O-O 11. O-O c5 12. Nc2 Be6 13. b3 Nc6 14. Rad1
a5 15. Bg5 Qd7 16. Nd5 Bxd5 17. Qxd5 Nb4 18. Nxb4 axb4 19. Qxc5 Rxa2 20.
Qxb4 Qg4 21. Bd2 Qxe4 22. Rfe1 Qa8 23. c5 Rb8 24. Qc4 d5 25. Qf4 Qc6 26. Re7
Qf6 27. Qxc7 Rxd2 28. Qxb8+ Bf8 29. Rf1 Qxe7 30. b4 Rb2 31. c6 Rxb4 32. c7
d4 33. Qxb4 Qxb4 34. c8=Q d3 35. Qd8 Qd2 36. Qd4 Qc2 37. Qe3 Bc5 38. Qe8+
Kg7 39. Qe5+ Kg8 40. Qb8+ Kg7 41. Qb1 Bxf2+ 42. Kh1 Qxb1 43. Rxb1 d2 44. Rd1
Be1 45. Kg1 Kf6 46. Kf1 Ke5 47. Ke2 Kd4 48. h3 Kc3 49. g4 Kb2 50. Rxd2+ Bxd2
51. Kxd2 h6 52. h4 f5 53. h5 gxh5 54. gxf5 {Black resigns} 1-0

[Event "ICC tourney 2049 (75 10)"]
[Site "Internet Chess Club"]
[Date "2020.10.11"]
[Round "7"]
[White "chesslead"]
[Black "IndianTerritory"]
[Result "1/2-1/2"]
[ICCResult "Game drawn by mutual agreement"]
[WhiteElo "2086"]
[BlackElo "2076"]
[Opening "Caro-Kann: Panov-Botvinnik attack, 5...e6"]
[ECO "B14"]
[NIC "CK.03"]
[Time "18:35:16"]
[TimeControl "4500+10"]

1. e4 c6 2. d4 d5 3. exd5 cxd5 4. c4 Nf6 5. Nc3 e6 6. Nf3 Bb4 7. cxd5 Nxd5
8. Bd2 Nc6 9. Bd3 O-O 10. O-O Bd7 11. Rc1 Nxc3 12. bxc3 Bd6 13. h3 Rc8 14.
Ng5 h6 15. Nh7 Re8 16. Qh5 Bf8 17. Ng5 Re7 18. Nf3 Be8 19. Qg4 g6 20. h4 Bg7
21. Bc2 Qa5 22. Bb3 Rd7 23. Rfe1 h5 24. Qg3 Ne7 25. Rxe6 fxe6 26. Bxe6+ Kf8
27. Qf4+ Nf5 28. c4 Qa4 29. d5 Rdc7 30. Ng5 Bd7 31. Bxf5 gxf5 32. Qd6+ Kg8
33. Qg6 Rxc4 34. Qf7+ Kh8 35. Re1 Rg4 36. Qxh5+ Kg8 37. Qf7+ Kh8 38. Qh5+
Kg8 39. Qh7+ Kf8 40. Ne6+ Bxe6 41. dxe6 Qb5 42. f3 Rc7 43. e7+ Rxe7 44. Rxe7
Qc5+ 45. Kh1 Rxg2 46. Kxg2 Qxe7 47. Qxf5+ Kg8 48. Qd5+ Kh8 49. Bg5 Qe2+ 50.
Kg3 Qe1+ 51. Kg4 Qe2 52. Bf4 a6 53. Qh5+ Kg8 54. Qd5+ Kh8 55. h5 Qg2+ 56.
Kf5 Qc2+ 57. Kg4 Qc8+ 58. Kg5 Qc3 59. Kg4 Qc8+ 60. Kg5 Qc3 61. Kh4 Bf6+ 62.
Kg3 Qe1+ 63. Kg2 Qe8 64. Kf2 Bc3 65. Be3 b5 66. h6 Bf6 67. Bg5 Qf8 68. Ke2
Qe7+ 69. Be3 Qe8 70. Qd6 Qf7 71. Bd2 Qc4+ 72. Kf2 Qd4+ 73. Qxd4 Bxd4+ 74.
Ke2 Kh7 75. Kd3 Bc5 76. Ke4 b4 77. Kd5 Be7 78. Kc6 a5 79. Kb5 Bd8 80. Be3
Kg6 81. Bf4 Kh7 82. Be3 Kg6 83. Bf4 Kh7 84. Ka4 Kg6 85. Bc1 Kh7
{Game drawn by mutual agreement}
1/2-1/2

[Event "ICC tourney 2049 (75 10)"]
[Site "Internet Chess Club"]
[Date "2020.10.11"]
[Round "7"]
[White "canary2016"]
[Black "goodcrowdchess"]
[Result "1-0"]
[ICCResult "Black checkmated"]
[WhiteElo "1944"]
[BlackElo "1602"]
[Opening "Catalan: closed, main line"]
[ECO "E09"]
[NIC "SL.01"]
[Time "18:35:13"]
[TimeControl "4500+10"]

1. d4 d5 2. c4 c6 3. Nf3 Nf6 4. g3 e6 5. Nbd2 Nbd7 6. Bg2 Be7 7. O-O O-O 8.
Qc2 b6 9. e4 dxe4 10. Nxe4 Bb7 11. Rd1 Nxe4 12. Qxe4 Nf6 13. Qe2 Rc8 14. Ne5
Bd6 15. Bg5 h6 16. Bxf6 Qxf6 17. Nd7 Qe7 18. Nxf8 Kxf8 19. Rac1 c5 20. d5 e5
21. Re1 Rc7 22. Qc2 Kg8 23. Re3 Bc8 24. Rce1 f5 25. Kh1 Qf6 26. Qe2 Rf7 27.
a3 a5 28. Rb3 Rb7 29. Qh5 Bd7 30. Rbe3 Rb8 31. Qe2 Rf8 32. Rb3 Rb8 33. Qd2
Ba4 34. Rd3 Rf8 35. f4 e4 36. Rc3 Rd8 37. g4 g6 38. gxf5 gxf5 39. Rg3+ Kh7
40. Rg1 Be8 41. Bh3 Bf7 42. Qc3 Qxc3 43. bxc3 Bh5 44. Bxf5+ Kh8 45. Bxe4
Bxf4 46. Rg7 Be5 47. Rh7# {Black checkmated} 1-0

[Event "ICC tourney 2049 (75 10)"]
[Site "Internet Chess Club"]
[Date "2020.10.11"]
[Round "7"]
[White "Arsalchess"]
[Black "HarleyQueen8"]
[Result "0-1"]
[ICCResult "White resigns"]
[WhiteElo "1906"]
[BlackElo "1875"]
[Opening "Sicilian"]
[ECO "B56"]
[NIC "SI.25"]
[Time "18:35:11"]
[TimeControl "4500+10"]

1. e4 c5 2. Nf3 d6 3. d4 cxd4 4. Nxd4 Nf6 5. Nc3 Nc6 6. f3 e5 7. Nb3 Be7 8.
Bg5 Nxe4 9. Nxe4 Bxg5 10. Nxd6+ Ke7 11. Nxc8+ Rxc8 12. Bd3 Re8 13. h4 Bf4
14. Qe2 Bg3+ 15. Kf1 Kf8 16. Qe4 g6 17. Qg4 Bf4 18. h5 Qg5 19. hxg6 hxg6 20.
Qd7 Kg7 21. Nc5 Qe7 22. Qxe7 Rxe7 23. Be4 f5 24. Bd5 Nb4 25. Ne6+ Kf6 26.
Nxf4 exf4 27. Bb3 Nxc2 28. Rc1 Rec7 29. Kf2 Nd4 30. Rc2 Nxc2 {White resigns}
0-1

[Event "ICC tourney 2049 (75 10)"]
[Site "Internet Chess Club"]
[Date "2020.10.11"]
[Round "7"]
[White "RhettLangseth"]
[Black "ShadowApt"]
[Result "0-1"]
[ICCResult "White resigns"]
[WhiteElo "2081"]
[BlackElo "2089"]
[Opening "Queen's pawn: London system"]
[ECO "A45"]
[NIC "QP.07"]
[Time "18:36:00"]
[TimeControl "4500+10"]

1. d4 Nf6 2. Bf4 d6 3. e3 g6 4. Bd3 Bg7 5. c3 O-O 6. Nf3 c5 7. Qe2 cxd4 8.
exd4 d5 9. O-O Nc6 10. Nbd2 Bg4 11. h3 Bxf3 12. Nxf3 Qb6 13. Rfe1 e6 14. Qd2
Na5 15. Ne5 Rac8 16. Re3 Nc4 17. Bxc4 dxc4 18. Rf3 Qb5 19. Bg5 Ne4 20. Qf4
Nxg5 21. Qxg5 f6 22. Qg4 fxe5 23. Qxe6+ Kh8 24. d5 Qxb2 25. Rd1 Rxf3 26.
gxf3 Rf8 27. d6 Qc2 28. Qd5 Qxc3 29. d7 Bf6 30. Qd6 Kg7 31. Rd5 Bh4 32. Rxe5
Bxf2+ 33. Kf1 Bc5 34. Re7+ Kh6 35. Rxh7+ Kxh7 36. Qxf8 Bxf8 37. d8=Q Qxf3+
38. Kg1 Bc5+ {White resigns} 0-1

[Event "ICC tourney 2049 (75 10)"]
[Site "Internet Chess Club"]
[Date "2020.10.11"]
[Round "7"]
[White "Danifrani"]
[Black "Chessking2008"]
[Result "0-1"]
[ICCResult "White resigns"]
[WhiteElo "2064"]
[BlackElo "2188"]
[Opening "Sicilian: dragon, Yugoslav attack, 9...Bd7"]
[ECO "B77"]
[NIC "SI.18"]
[Time "18:36:00"]
[TimeControl "4500+10"]

1. e4 c5 2. Nf3 d6 3. d4 cxd4 4. Nxd4 Nf6 5. Nc3 g6 6. Bc4 Bg7 7. f3 O-O 8.
Be3 Nc6 9. Qd2 Bd7 10. h4 Ne5 11. Bb3 Rc8 12. O-O-O Nc4 13. Qd3 Nxe3 14.
Qxe3 a6 15. g4 e6 16. h5 b5 17. hxg6 hxg6 18. e5 dxe5 19. Nxe6 fxe6 20.
Bxe6+ Bxe6 21. Rxd8 Rfxd8 22. Qxe5 Bf7 23. Qe7 Rd7 24. Qa3 Rdc7 25. Rd1 Nd5
26. Rxd5 b4 27. Qxb4 Bxc3 28. Qd6 Rc6 29. Qd7 Be6 30. Qxc8+ Rxc8 31. Rd6 Kf7
32. bxc3 Rxc3 33. Rd3 Rxd3 34. cxd3 Bd5 35. f4 Bxa2 36. Kb2 Bd5 37. Kc3 Bf3
{White resigns}
0-1

[Event "ICC tourney 2049 (75 10)"]
[Site "Internet Chess Club"]
[Date "2020.10.11"]
[Round "7"]
[White "Knightoffaith"]
[Black "Elieman"]
[Result "1/2-1/2"]
[ICCResult "Game drawn by mutual agreement"]
[WhiteElo "1787"]
[BlackElo "2067"]
[Opening "Ruy Lopez: fianchetto (Smyslov/Barnes) defense"]
[ECO "C60"]
[NIC "RL.03"]
[Time "18:35:21"]
[TimeControl "4500+10"]

1. e4 e5 2. Nf3 Nc6 3. Bb5 g6 4. O-O Bg7 5. c3 Nge7 6. d4 exd4 7. cxd4 a6 8.
Ba4 b5 9. Bb3 O-O 10. Re1 d6 11. h3 Na5 12. Bc2 c5 13. Be3 Nc4 14. Qc1 Nc6
15. Rd1 cxd4 16. Nxd4 Nxe3 17. fxe3 Bb7 18. Nc3 Rc8 19. Qd2 Re8 20. Rac1 b4
21. Nd5 Nxd4 22. exd4 Bxd5 23. exd5 Rc4 24. Qf4 Qb6 25. Rf1 Qa7 26. Kh1 Be5
27. Qf3 Bxd4 28. Bxg6 Rxc1 29. Bxf7+ Kg7 30. Bxe8 Rxf1+ 31. Qxf1 Qe7 32. Bh5
Bxb2 33. Qd1 Qg5 34. Qg4 Qxg4 35. Bxg4 Kf6 36. Bd1 Ke5 37. Bb3 a5 38. Kg1
Kd4 39. Kf2 Kc5 40. Ke3 Kb5 41. Kd3 Be5 42. g4 a4 43. Bc2 b3 44. Bb1 b2 45.
Kd2 h6 46. Be4 Kc4 47. Kc2 Kd4 48. Bg2 Ke3 49. Kb1 Kf2 50. Be4 Kg3 51. Bf5
Kh4 52. Kc2 Kg5 53. Kb1 h5 54. Bd7 h4 55. Bxa4 Kf4 56. Bd7 Kg3 57. g5 Kf4
58. g6 Kg5 {Game drawn by mutual agreement} 1/2-1/2

[Event "ICC tourney 2049 (75 10)"]
[Site "Internet Chess Club"]
[Date "2020.10.11"]
[Round "7"]
[White "JunlinTheWorld"]
[Black "chessrani"]
[Result "1/2-1/2"]
[ICCResult "Game drawn by mutual agreement"]
[WhiteElo "1883"]
[BlackElo "2045"]
[Opening "Sicilian: Pelikan (Lasker/Sveshnikov) variation"]
[ECO "B33"]
[NIC "SI.35"]
[Time "18:35:48"]
[TimeControl "4500+10"]

1. e4 c5 2. Nf3 Nc6 3. d4 cxd4 4. Nxd4 Nf6 5. Nc3 e5 6. Nf3 Bb4 7. Bc4 O-O
8. Bg5 d6 9. O-O Bxc3 10. bxc3 h6 11. Bxf6 Qxf6 12. Qd2 Bg4 13. Be2 Rad8 14.
h3 Bh5 15. a4 Bg6 16. Qd5 Qe6 17. Bc4 Qf6 18. a5 Rb8 19. Qd3 Qf4 20. Rfe1
Rfd8 21. g3 Qf6 22. Qe3 Ra8 23. Reb1 Rab8 24. Bd5 Rdc8 25. Nd2 Qd8 26. Bxc6
Rxc6 27. Qxa7 Rxc3 28. Ra2 Qc8 29. Rb6 Rc7 30. a6 Kh7 31. Kg2 f6 32. Rab2
Ra8 33. axb7 Rxa7 34. bxc8=Q Rxc8 35. Rxd6 Rac7 36. c4 Bf7 37. Rb4 Bxc4 38.
Nxc4 Rxc4 39. Rxc4 Rxc4 40. Kf3 Rc3+ 41. Ke2 Kg6 42. Rd7 Ra3
{Game drawn by mutual agreement}
1/2-1/2

[Event "ICC tourney 2049 (75 10)"]
[Site "Internet Chess Club"]
[Date "2020.10.11"]
[Round "7"]
[White "dzchess01"]
[Black "arsenicblast"]
[Result "0-1"]
[ICCResult "White resigns"]
[WhiteElo "1890"]
[BlackElo "2025"]
[Opening "Ruy Lopez: Anderssen variation"]
[ECO "C77"]
[NIC "RL.12"]
[Time "18:35:07"]
[TimeControl "4500+10"]

1. e4 e5 2. Nf3 Nc6 3. Bb5 a6 4. Ba4 Nf6 5. d3 b5 6. Bb3 Bc5 7. Nc3 d6 8.
Nd5 h6 9. Nxf6+ Qxf6 10. Bd5 Bb7 11. Be3 Rb8 12. O-O O-O 13. Qd2 Nd4 14.
Bxd4 exd4 15. Bb3 Bb6 16. a4 c5 17. Rfe1 Rfe8 18. c3 Ba5 19. Rec1 dxc3 20.
bxc3 Bb6 21. c4 b4 22. Ne1 Qg6 23. Qf4 Bd8 24. Qg3 Qe6 25. Nc2 Bf6 26. Rab1
Qd7 27. Ne3 Kh8 28. Nf5 Rbd8 29. Kh1 a5 30. Bd1 Bc6 31. Bg4 Qc7 32. Bd1 Kh7
33. f4 g6 34. Ne3 Bd4 35. Nd5 Bxd5 36. cxd5 f5 37. Bc2 Qf7 38. Rf1 Rf8 39.
Rbe1 Rde8 40. Qh3 fxe4 41. dxe4 c4 42. g4 b3 43. Bb1 c3 44. Qd3 Bg7 45. e5
c2 46. e6 Qf6 47. Bxc2 bxc2 48. Qxc2 Rc8 49. Qd2 Qd4 50. Qxd4 Bxd4 51. f5
gxf5 52. gxf5 Bf6 53. Rc1 Kg7 54. Rg1+ Kh7 55. Kg2 Bg5 56. Rxc8 Rxc8 57. Rb1
Kg7 58. Rb5 Kf6 59. Rxa5 Kxf5 60. Kf3 Rc3+ 61. Kf2 Ke5 62. Rb5 Rc5 63. Rb2
Kxd5 {White resigns} 0-1

[Event "ICC tourney 2049 (75 10)"]
[Site "Internet Chess Club"]
[Date "2020.10.11"]
[Round "7"]
[White "BranKing"]
[Black "hpu2005"]
[Result "1-0"]
[ICCResult "Black resigns"]
[WhiteElo "2116"]
[BlackElo "1937"]
[Opening "Hungarian defense"]
[ECO "C50"]
[NIC "IG.03"]
[Time "18:35:24"]
[TimeControl "4500+10"]

1. e4 e5 2. Nf3 Nc6 3. Bc4 Be7 4. d3 Nf6 5. c3 O-O 6. Bb3 d6 7. Nbd2 h6 8.
Nf1 d5 9. Qe2 dxe4 10. dxe4 Bd6 11. h3 Qe7 12. g4 Nh7 13. g5 Be6 14. gxh6 g6
15. Ne3 Bxb3 16. axb3 Nd8 17. Nd5 Qe8 18. Ng5 f6 19. Nxh7 Kxh7 20. Ne3 Ne6
21. Nc4 Nf4 22. Bxf4 exf4 23. O-O-O Be5 24. Nxe5 fxe5 25. Qg4 Rf7 26. Rhg1
Re7 27. Qg5 Re6 28. h4 Qe7 29. Rd3 Re8 30. Rgd1 Qf8 31. Rd7+ R8e7 32. Rd8
Re8 33. R1d7+ Kh8 34. Rxe8 Rxe8 35. Qxg6 Re7 36. Rxe7 Qxe7 37. Qg5 Qf7 38.
Qxe5+ Kh7 39. Qf5+ Qg6 40. Qxg6+ Kxg6 41. Kd2 Kxh6 42. Ke2 {Black resigns}
1-0

[Event "ICC tourney 2049 (75 10)"]
[Site "Internet Chess Club"]
[Date "2020.10.11"]
[Round "7"]
[White "sanjayselvam"]
[Black "Roger436"]
[Result "0-1"]
[ICCResult "White resigns"]
[WhiteElo "1899"]
[BlackElo "1711"]
[Opening "Queen's pawn: London system"]
[ECO "A45"]
[NIC "QP.07"]
[Time "18:36:00"]
[TimeControl "4500+10"]

1. d4 Nf6 2. Bf4 g6 3. e3 Bg7 4. Nf3 O-O 5. c3 d6 6. h3 b6 7. Be2 Bb7 8. O-O
Nbd7 9. Nbd2 c5 10. Rc1 Rc8 11. c4 Nh5 12. Bh2 e5 13. g4 Nhf6 14. dxe5 Nxe5
15. Nxe5 dxe5 16. Bxe5 Qe7 17. Bf3 Rcd8 18. Bxb7 Qxb7 19. Qf3 Qe7 20. Bc3
Rfe8 21. Rfd1 Nd7 22. Bxg7 Kxg7 23. Qe2 Ne5 24. Nf3 Qf6 25. Nxe5 Qxe5 26.
Rc2 Qe4 27. b3 Rxd1+ 28. Qxd1 Rd8 29. Rd2 Rxd2 30. Qxd2 Qf3 31. Kh2 Kf8 32.
Qd6+ Kg7 33. Qe5+ Kg8 34. Qb2 Kf8 35. b4 cxb4 36. Qxb4+ Kg8 37. Qd2 Kf8 38.
a3 Kg7 39. Qd4+ Kf8 40. Qd6+ Kg7 41. Qg3 Qe4 42. Qc7 Qc2 43. Kg3 Qa4 44.
Qe5+ Kg8 45. Qc3 Qc6 46. Qd3 Qc7+ 47. f4 Kg7 48. Qd4+ Kg8 49. g5 Qe7 50. Qd3
Qb7 51. e4 Qe7 52. Kg4 Qc5 53. f5 Qg1+ 54. Qg3 Qd1+ 55. Qf3 Qg1+ 56. Kf4
Qh2+ 57. Qg3 Qd2+ 58. Kg4 Qe2+ 59. Qf3 Qxc4 60. f6 Qe6+ 61. Kf4 h5 62. Qd3
Qc8 63. Kf3 Qxh3+ 64. Ke2 Qxd3+ 65. Kxd3 Kf8 66. Ke3 Ke8 67. Kf4 Kd7 68. Kg3
Ke6 69. Kf4 b5 70. e5 a5 {White resigns} 0-1

[Event "ICC tourney 2049 (75 10)"]
[Site "Internet Chess Club"]
[Date "2020.10.11"]
[Round "7"]
[White "ZaeemA"]
[Black "investigator"]
[Result "1/2-1/2"]
[ICCResult "Game drawn because neither player has mating material"]
[WhiteElo "1699"]
[BlackElo "2096"]
[Opening "Pirc: classical (two knights) system"]
[ECO "B08"]
[NIC "PU.10"]
[Time "18:35:18"]
[TimeControl "4500+10"]

1. e4 d6 2. d4 Nf6 3. Nc3 g6 4. Nf3 Bg7 5. Bd3 O-O 6. O-O Nc6 7. d5 Ne5 8.
Nxe5 dxe5 9. Qf3 e6 10. dxe6 Bxe6 11. Be3 c6 12. h3 Nd7 13. Rad1 Qe7 14. Qg3
Nc5 15. Be2 Rfd8 16. a3 a5 17. Rxd8+ Rxd8 18. Bg5 f6 19. Be3 b5 20. Kh1 b4
21. Nb1 Nxe4 22. Qh4 Nc5 23. axb4 axb4 24. Qxb4 Bf8 25. Kg1 f5 26. c3 Nd3
27. Qxe7 Bxe7 28. b4 e4 29. g4 Bf6 30. Kg2 Be5 31. f4 Bg7 32. gxf5 gxf5 33.
Rg1 Ba2 34. Rd1 Bxb1 35. Rxb1 Bxc3 36. b5 c5 37. b6 Bb4 38. Ra1 Rb8 39. Rd1
Rxb6 40. Bxd3 exd3 41. Rxd3 Re6 42. Kf3 c4 43. Rd1 Kf7 44. h4 c3 45. Rc1 Re4
46. Ke2 Ke6 47. Kd3 Kd5 48. Rc2 Rc4 49. h5 Bc5 50. Bc1 Rd4+ 51. Kxc3 Rc4+
52. Kd3 Rxc2 53. Kxc2 Ke4 54. Kd1 Be3 55. Bb2 Kf3 56. Ke1 Bxf4 57. Kf1 Kg4
58. Kg2 Kxh5 59. Kf3 Kg5 60. Bd4 h5 61. Bf2 Bd6 62. Be3+ Kg6 63. Bd2 Kf6 64.
Bc3+ Ke6 65. Bd4 Kd5 66. Be3 Kc4 67. Bf2 Kd5 68. Be3 h4 69. Kg2 Ke4 70. Bd2
Bf4 71. Bc3 Bg5 72. Kh3 Kd3 73. Be5 Ke4 74. Bc7 Bf4 75. Bd8 Bg3 76. Bg5 Kf3
77. Bh6 Ke2 78. Bc1 Bf2 79. Bf4 Kf3 80. Bh6 Ke2 81. Bf4 Be1 82. Bg5 Bd2 83.
Kxh4 Be3 84. Kh5 Kd3 85. Kg6 Bxg5 86. Kxf5
{Game drawn because neither player has mating material}
1/2-1/2

[Event "ICC tourney 2049 (75 10)"]
[Site "Internet Chess Club"]
[Date "2020.10.11"]
[Round "7"]
[White "xyzchessdude"]
[Black "CoolKoiFish"]
[Result "1-0"]
[ICCResult "Black resigns"]
[WhiteElo "2046"]
[BlackElo "1902"]
[Opening "English opening"]
[ECO "A05"]
[NIC "RE.08"]
[Time "18:35:12"]
[TimeControl "4500+10"]

1. Nf3 Nf6 2. c4 e6 3. g3 b6 4. Bg2 Bb7 5. O-O d5 6. b3 Be7 7. Bb2 O-O 8. e3
Nbd7 9. Nc3 Rc8 10. d3 Re8 11. Qe2 c5 12. Ne1 Qc7 13. f4 a6 14. g4 dxc4 15.
bxc4 Bxg2 16. Qxg2 Nf8 17. g5 N6d7 18. h4 Qc6 19. Ne4 b5 20. Rc1 bxc4 21.
dxc4 e5 22. Nd3 Ng6 23. f5 Nxh4 24. Qg4 f6 25. Qxh4 fxg5 26. Qg4 Nf6 27.
Nxf6+ Bxf6 28. e4 Qb6 29. Qe2 g4 30. Qxg4 Rcd8 31. Qe2 Rxd3 32. Qxd3 Qxb2
33. Rc2 Qb6 34. Qb3 Qd6 35. Qe3 h6 36. Rd2 Qe7 37. Rd5 Bg5 38. Qf3 Bf4 39.
Qg4 Rb8 40. Rd3 Qf7 41. Rfd1 Rb6 42. Rd8+ Kh7 43. R8d6 Rxd6 44. Rxd6 Bg5 45.
f6 Bxf6 46. Qf5+ Qg6+ 47. Qxg6+ Kxg6 48. Rxa6 Kg5 49. Rd6 Be7 50. Rd7 Kf6
51. a4 Ke6 52. Rb7 Bd8 53. Rb5 Kd6 54. a5 Kc6 55. Kg2 g6 56. Kf3 Bc7 57. a6
Bb6 58. Rb1 Ba7 59. Rb7 Bb6 60. Rg7 g5 61. Kg4 h5+ 62. Kxh5 g4 63. Kxg4 Bc7
64. a7 Kb7 65. Rxc7+ Ka8 66. Rxc5 Kxa7 67. Rxe5 Kb6 68. Rb5+ Kc6 69. Kf5 Kd6
70. e5+ Kd7 71. Rd5+ Ke7 72. e6 Ke8 73. Kf6 {Black resigns} 1-0

[Event "ICC tourney 2049 (75 10)"]
[Site "Internet Chess Club"]
[Date "2020.10.11"]
[Round "7"]
[White "kralj8"]
[Black "ryanwang"]
[Result "1-0"]
[ICCResult "Black resigns"]
[WhiteElo "1923"]
[BlackElo "1828"]
[Opening "Sicilian: closed, 2...Nc6"]
[ECO "B23"]
[NIC "SI.44"]
[Time "18:35:17"]
[TimeControl "4500+10"]

1. e4 c5 2. Nc3 Nc6 3. Bb5 Nd4 4. Bc4 Nf6 5. Nge2 e6 6. O-O a6 7. d3 b5 8.
Bb3 Nxb3 9. axb3 Bb7 10. Bg5 Be7 11. f4 h6 12. Bxf6 Bxf6 13. e5 Be7 14. Ng3
d5 15. f5 Kd7 16. Nh5 g6 17. Nf6+ Bxf6 18. fxe6+ fxe6 19. Rxf6 Qe7 20. Qf3
Rhf8 21. Nxb5 Rxf6 22. exf6 Qf7 23. Nc3 Rf8 24. Rf1 Bc6 25. Qf4 g5 26. Qe5
Qe8 27. Ra1 Qb8 28. Qxb8 Rxb8 29. Rxa6 Rf8 30. Ra7+ Kd6 31. f7 Bd7 32. Na4
Rxf7 33. Nb6 Be8 34. Nc8+ Ke5 35. Rxf7 Bxf7 36. Kf2 Bh5 37. Ke3 d4+ 38. Kd2
Be8 39. g3 h5 40. Ke2 h4 41. Kf3 hxg3 42. hxg3 Bh5+ 43. g4 Be8 44. Nb6 Bc6+
45. Kg3 Bb7 46. Nd7+ Kd6 47. Nf6 e5 48. Ne4+ Bxe4 49. dxe4 Kc6 50. Kf2 Kb5
51. c3 Ka5 52. Ke2 Kb6 53. b4 c4 54. Kd2 Kc6 55. Kc1 Kd6 56. Kc2 Kc6 57. b3
Kb5 58. cxd4 exd4 59. bxc4+ Kxc4 60. e5 Kd5 61. Kd3 Kxe5 62. b5 Kd5 63. b6
Kc6 64. Kxd4 Kxb6 65. Ke5 Kc6 66. Kf5 Kd7 67. Kxg5 Ke7 68. Kg6 Kf8 69. Kh7
Kf7 70. g5 {Black resigns} 1-0